 Dungeon Crawl Stone Soup version 0.31-a0-858-g469dc525a8 (webtiles) character file.

Game seed: 16385211561659899477

58 BinkBink the Trooper (level 4, -3/33 HPs)
             Began as an Octopode Monk on Oct 9, 2023.
             Slain by an orc
             ... wielding a +2 short sword of electrocution
              (15 damage)
             ... on level 3 of the Dungeon.
             The game lasted 00:01:43 (1515 turns).

BinkBink the Trooper (Octopode Monk)                Turns: 1515, Time: 00:01:44

Health: -3/33      AC:  1    Str: 10    XL:     4   Next: 2%
Magic:  4/4        EV: 14    Int: 12    God:
Gold:   107        SH:  0    Dex: 16    Spells: 3/3 levels left

rFire   x . .        a - +0 hand axe
rCold   + . .        c - orb {light}
rNeg    . . .        (helmet restricted)
rPois   .            (no amulet)
rElec   .            n - ring of ice
rCorr   .            (no ring)
SInv    .            (no ring)
Will    .....        (no ring)
Stlth   +            (no ring)
HPRegen 0.25/turn    (no ring)
MPRegen 0.09/turn    (no ring)
                     (no ring)

%: no passive effects
@: glowing
A: almost no armour, amphibious, 8 rings, camouflage 1, gelatinous body 1,
(nimble swimmer 1), tentacles
a: no special abilities


You were on level 3 of the Dungeon.
You visited 1 branch of the dungeon, and saw 3 of its levels.

You collected 107 gold pieces.

Inventory:

Hand Weapons
 a - a +0 hand axe (weapon)
Armour
 c - an orb of light (worn)
Jewellery
 n - a ring of ice (left tentacle)
Scrolls
 d - 2 scrolls of identify {unknown}
 g - a scroll of vulnerability {unknown}
 h - a scroll of revelation {unknown}
 j - a scroll of immolation {unknown}
 k - a scroll of torment {unknown}
 l - a scroll of enchant weapon {unknown}
 m - a scroll of noise {unknown}
 o - 3 scrolls of summoning {unknown}
Potions
 b - a potion of ambrosia
 e - 2 potions of curing {unknown}
 f - a potion of haste {unknown}
 i - a potion of lignification {unknown}


   Skills:
 + Level 3.7 Fighting
 + Level 3.6 Axes
 + Level 3.6 Dodging


You had 3 spell levels left.
You didn't know any spells.
Your spell library was empty.

Dungeon Overview and Level Annotations

Branches:
Dungeon (3/15)

Altars:

Annotations:
D:3 Robin


Innate Abilities, Weirdness & Mutations

You cannot wear most types of armour.
You are amphibious.
You can wear up to eight rings at the same time.
Your skin changes colour to match your surroundings (Stealth+).
Your rubbery body absorbs attacks. (AC +1, EV +1)
((You are camouflaged when in or above water. (Stealth+)))
You have tentacles for arms and can constrict up to eight enemies at once.


Message History

Found 5 gold pieces and 3 scrolls labelled CUXEUCKAOBI.
There is a stone staircase leading up here.
You now have 107 gold pieces (gained 5).
o - 3 scrolls labelled CUXEUCKAOBI
Found a stone staircase leading down.
A bat comes into view.
A bat is nearby!
The bat closely misses you.
You barely miss the bat. You grab the bat. You squeeze the bat.
You kill the bat!
You have reached level 4!
You see here a bat corpse.
Found a quarterstaff.
A frilled lizard is nearby!
A frilled lizard is nearby!
You slash the frilled lizard!
You kill the frilled lizard!
No target in view!
No target in view!
You see here a frilled lizard corpse.
A rat and a hobgoblin come into view.
Found a +0 whip.
You see here a +0 whip.
The hobgoblin shouts!
The hobgoblin throws a stone.
The stone hits you. The rat barely misses you.
A frilled lizard comes into view.
The orc shouts!
The frilled lizard hisses angrily.
You hit the rat.
You kill the rat!
The hobgoblin throws a stone.
The stone hits you.
Found a stone staircase leading up.
The hobgoblin throws a stone.
The stone closely misses you.
The orc hits you with a +2 short sword of electrocution!
You hit the orc but do no damage. You grab the orc.
You constrict the orc, but do no damage.
The hobgoblin throws a stone.
The stone hits you.
The orc hits you with a +2 short sword of electrocution.
You are electrocuted!
You die...

............#
............# ..
............# ..<
..........# #...
#.......# #....
#..<...>##...
###.......#..#...).
...#...##.o.# ....
...>.......@####...
.........†........#
...........#####... .
.........# ##.#
...?..l.)#####..#
...........##.#######
##...#####.....†....#####
...g# ##..######.....#
..). #.## #####.##


You could see an orc, a hobgoblin and a frilled lizard.

Vanquished Creatures
  An adder (D:2)
  3 dart slugs (D:1)
  2 ball pythons
  4 bats
  5 endoplasms
  4 giant cockroaches (D:1)
  3 goblins
  4 hobgoblins
  2 quokkas
  4 frilled lizards
  3 kobolds
  5 rats
40 creatures vanquished.

Notes
Turn   | Place    | Note
-------+----------+-------------------------------------------
     0 | D:1      | BinkBink the Octopode Monk began the quest for the Orb.
     0 | D:1      | Reached XP level 1. HP: 16/16 MP: 1/1
   110 | D:1      | Reached XP level 2. HP: 21/21 MP: 2/2
   527 | D:1      | Reached XP level 3. HP: 25/26 MP: 3/3
  1381 | D:3      | Noticed Robin
  1466 | D:3      | Reached XP level 4. HP: 33/33 MP: 4/4
  1515 | D:3      | Slain by an orc

Illustrated notes

Levels and vault maps discovered:
D:1:      wander_arrival_desolate, layout_basic, minmay_pentomino_s4
D:2:      layout_loops_ring, serial_glass, glass_columns_c, glass_columns_c,
          glass_columns_b, glass_columns_a, glass_columns_b, glass_columns_a,
          glass_columns_a, glass_columns_a, glass_columns_c, glass_columns_c,
          corner_web_ring
D:3:      layout_rooms, grunt_temple_overflow_diamond,
          hellmonk_ecumenical_altar_crossroads, uniq_robin

Action                     |  1- 3 |  4- 6 || total
---------------------------+-------+-------++-------
  Melee: Hand axe          |    60 |     3 ||    63
         Constrict         |    20 |     1 ||    21
         Tentacles         |    11 |       ||    11
         Punch             |     1 |       ||     1
   Stab: Sleeping          |     2 |       ||     2
 Armour: Skin              |    15 |     5 ||    20
  Dodge: Dodged            |    48 |     2 ||    50

Table legend: (Time is in decaauts)
 A = Elapsed time spent in this place.
 B = Non-inter-level travel time spent in this place.
 C = Inter-level travel time spent in this place.
 D = Time resting spent in this place.
 E = Time spent auto-exploring this place.
 F = Levels seen in this place.
 G = Mean time per level.
                   A        B        C        D        E       F      G
               +--------+--------+--------+--------+--------+-----+--------+
         Total |   1522 |   1444 |     78 |      0 |   1200 |   3 |  507.3 |
       Dungeon |   1522 |   1444 |     78 |      0 |   1200 |   3 |  507.3 |
               +--------+--------+--------+--------+--------+-----+--------+

Top non-repeatable levels by time:
     D:1: 728 daAuts
     D:2: 706 daAuts
     D:3: 87 daAuts
